Mwee, chaotic female elven Wizard ---- ---- |..--- ---- |..| --..*.----- ---- |..-- |..| --.......|.--- ---- --- --|..| |...| --.| --- ----............------..|0|.----.|..| |-.-- |.| --.--- #.-................--.|.........|.....| --(.| ---- |.| |...C|# |......%..>............--.|..........-- |.(.-- --..| |.| --....)---....-....|........0...|----..........| ------....| |...| |.--|......||.........----........--- ---..--....--- --..|......|--- --.-- |<..|*[....--.--....--- --....-.-- --------...| |...|..------.--- |.| ---.|).....@.u||.---- --.|...| 0 ---.-----....-- |.....|--.| |......(.|'----- --- # ----%.-.-* ---- |...|---.--- ---..^..--..-- |........|...| --.-.- *#|...--.....| -----...--...| |...|........| --..)....|-..----|....--- # #..-...|....------.....%....-------.----.......| ---......---.%)..........--- 0#|...|...%............[%..........| ---....-- |.......---................| ....|-.---..............---------- --...-- |......-|.....%............--- -.------ --.........0...| |.---- --....--|.......---).........| # |-.........|.-- --- |.^..| ---.--..| |...---..|.| # |..........|-- --..-- ------- ----- ------ --.--.------ ---- ------ Mwee the Thaumaturge Experience level: 9 Strength: 14 Dexterity: 11 Constitution: 16 Intelligence: 18 Wisdom: 14 Charisma: 12 Health: 0(49) Energy: 93(109) AC: 10 Gold: 613 Moves: 4299 Your Inventory: Coins $ - 613 gold pieces Weapons w - a [blessed +0] elven dagger named Sting [Sting] (weapon in hand) x - 16 [uncursed] +0 daggers (in quiver) y - a [cursed -1] dagger I - 6 cursed [+0] daggers Z - 3 [blessed +1] daggers Armor W - a [cursed +0] elven leather helm X - a [cursed +0] pair of old gloves [leather] Y - a [cursed +0] striped shirt Comestibles a - 2 [uncursed] tripe rations M - an [uncursed] slime mold P - an [uncursed] lizard corpse R - an [uncursed] food ration Scrolls i - a blessed scroll of teleportation j - an uncursed scroll of enchant armor k - a blessed scroll of remove curse t - an [uncursed] scroll labeled ZLORFIK [of flood] Q - an [uncursed] scroll labeled VE FORBRYDERNE [of create monster] T - an [uncursed] scroll labeled ABRA KA DABRA [of confuse monster] Potions b - an [uncursed] ochre potion [of gain level] f - an uncursed potion of paralysis h - an uncursed potion of gain ability p - a cursed bubbly potion [of object detection] B - an uncursed yellow potion [of sickness] G - an [uncursed] magenta potion [of fruit juice] N - a [cursed] pink potion [of booze] S - a [cursed] swirly potion [of acid] Rings d - an uncursed ring of free action (on right hand) e - an uncursed +1 ring of gain strength (on left hand) q - an uncursed wedding ring [of polymorph control] Wands c - an uncursed wand of locking (0:7) A - an [uncursed] aluminum wand [of nothing (0:7)] O - an [uncursed] wand of create monster [0:10] V - an [uncursed] alabaster wand [of fire (0:8)] Tools n - an uncursed blindfold o - an uncursed bugle C - an [uncursed] bag [of holding] J - an [uncursed oil] lamp (lit) U - an [uncursed] lock pick Spells known in the end: Name Level Category Fail Memory a - force bolt 1 attack 0% [|||||||.] b - create monster 2 clerical 0% [|||||||.] Your skills at the end: Fighting Skills Weapon Skills dagger [Skilled / Expert] quarterstaff [Basic / Expert] Spellcasting Skills attack spells [Basic / Expert] enchantment spells [Basic / Skilled] Final Attributes: You were piously aligned. Hunger level was 1096. Your alignment was 31 / 31. Monster difficulty range was 1 - 9. Level difficulty was 9. You were immune to sleep. You saw invisible. You were aware of the presence of orcs. You had infravision. You were held by a rope golem. You had free action. Your luck was zero. You are dead. Vanquished creatures: a large mimic 2 small mimics a giant turtle a shocking sphere a tengu a chameleon a wolf a leprechaun a gnome king a brown pudding a gold golem a lizard a raven a gnome mummy 2 snakes an imp a mountain nymph 3 Mordor orcs a rock piercer 3 enormous rats a rock mole a fog cloud a yellow light a shrieker 10 gnome lords 2 gnomish wizards a black naga hatchling a golden naga hatchling a straw golem a giant ant 9 dwarves a rothe 5 monkeys a werejackal an iguana 4 hobbits 2 giant rats a cave spider a yellow mold 2 green molds 2 red molds 50 gnomes a gecko 6 jackals a fox 2 goblins 2 sewer rats 6 lichens 4 kobold zombies 2 newts 149 creatures vanquished. Voluntary challenges: You used a wielded weapon 28 times. You read items or engraved 5 times. You put on armor 1 time. You never genocided any monsters. You never polymorphed an object. You never changed form. You used no wishes. You wrote Elbereth's name 2 times. You encountered 1 bones level. You never used any Sokoban shortcuts. Dungeon overview: The Dungeons of Doom: levels 1 to 4 Level 1 a fountain, a sink a long staircase Level 2 a fountain Level 3 a general store stairs to The Gnomish Mines The Gnomish Mines: levels 4 to 10 Level 4 stairs to The Dungeons of Doom Level 6 many shops, a temple, a magic chest, some fountains Level 9 <- You were here History has recorded: On T:1 you entered the Dungeons of Doom to retrieve the Amulet of Yendor! On T:50 you reached level 2 of The Dungeons of Doom. On T:389 you advanced to experience level 2. On T:634 you advanced to experience level 3. On T:724 you reached level 3 of The Dungeons of Doom. On T:966 you reached level 4 of The Dungeons of Doom. On T:1019 you advanced to experience level 4. On T:1076 you reached level 1 of The Gnomish Mines. On T:1084 you advanced to experience level 5. On T:1156 you advanced to experience level 6. On T:1523 you reached level 2 of The Gnomish Mines. On T:1646 you advanced to experience level 7. On T:1883 you reached level 3 of The Gnomish Mines. On T:2252 you advanced to experience level 8. On T:2487 you reached level 4 of The Gnomish Mines. On T:3254 you reached level 5 of The Gnomish Mines. On T:3388 you advanced to experience level 9. On T:3422 you reached level 6 of The Gnomish Mines. On T:3757 you reached level 7 of The Gnomish Mines. Latest messages: [HP+1=28] The spell hits the large mimic! The spell hits the large mimic! You kill the large mimic! You see here a large mimic corpse. [HP+1=29] You step onto a polymorph trap! You feel a change coming over you. You shudder for a moment. [HP-11=18] [HP+1=19] [HP+1=20] The rope golem hits! (2x) [HP-12=8] The rope golem hits! (2x) The rope golem grabs you! You die... The bag of holding is empty. Final status: Goodbye Mwee the Wizard... You died in The Gnomish Mines on dungeon level 9 with 4008 points, and 613 pieces of gold, after 4299 moves. You were level 9 with a maximum of 49 hit points when you died.